 Dungeon Crawl Stone Soup version 0.17.0-28-g6e173f8 (webtiles) character file.

106 coffecat the Sneak (level 4, 0/23 HPs)
             Began as a Spriggan Assassin on Nov 27, 2015.
             Killed by nerve-wracking pain
             ... invoked by an orc priest
              (7 damage)
             ... on level 4 of the Dungeon.
             The game lasted 00:17:15 (2291 turns).

coffecat the Sneak (Spriggan Assassin)              Turns: 2291, Time: 00:17:16

Health: 0/23       AC:  3    Str:  7    XL:     4   Next: 55%
Magic:  14/14      EV: 19    Int: 16    God:
Gold:   171        SH:  0    Dex: 18    Spells: 0 memorised, 3 levels left

rFire  . . .     SeeInvis +     b - +0 blowgun
rCold  . . .     Clarity  .     c - +0 robe
rNeg   . . .     SustAt   .     (shield restricted)
rPois  .         Gourm    .     (helmet restricted)
rElec  .         Spirit   .     d - +0 cloak
rCorr  .         Warding  .     (gloves unavailable)
rMut   .         Stasis   .     (boots unavailable)
MR     .....                    (no amulet)
Stlth  ++++......               k - +4 ring of intelligence
                                h - ring of magical power

@: very quick, not resistant to hostile enchantments, stealthy
A: unfitting armour, see invisible, herbivore 3, speed 3, slow metabolism 2
a: no special abilities


You were on level 4 of the Dungeon.
You were not hungry.

You visited 1 branch of the dungeon, and saw 4 of its levels.

You collected 171 gold pieces.

Inventory:

Hand Weapons
 a - a +2 dagger
 b - a +0 blowgun (weapon)
Missiles
 e - 8 poisoned needles (quivered)
 f - 2 curare-tipped needles
Armour
 c - a +0 robe (worn)
 d - a +0 cloak (worn)
Jewellery
 h - a ring of magical power (left hand)
 k - a +4 ring of intelligence (right hand)
 l - an uncursed ring of poison resistance {unknown}
 n - an uncursed ring of wizardry
Scrolls
 o - a scroll of fear {unknown}
 p - a scroll of enchant weapon {unknown}
Potions
 i - a potion of degeneration {unknown}
 j - a potion of lignification
 m - a potion of invisibility {unknown}
Comestibles
 g - 2 bread rations


   Skills:
 * Level 2.2 Fighting
 + Level 2.5 Short Blades
 + Level 2.4 Throwing
 * Level 3.3 Dodging
 * Level 7.3 Stealth


You had 3 spell levels left.
You didn't know any spells.

Dungeon Overview and Level Annotations

Branches:
Dungeon (4/15)
 Temple: D:4-7

Altars:
Fedhas


Innate Abilities, Weirdness & Mutations

You are tiny and cannot use many weapons and most armour.
You have supernaturally acute eyesight.
You are a herbivore.
You cover ground extremely quickly.
You need consume almost no food.


Message History

The orc wizard is severely wounded.
Firing (i - inventory. (,) - cycle):
e - 10 poisoned needles (quivered)
Press: ? - help, Shift-Dir - straight line, f/p - orc wizard
Aim: an orc wizard, wielding a dagger and wearing a robe (severely wounded, fast, poisoned)
You shoot a poisoned needle.
The poisoned needle closely misses the orc wizard.
You kill the orc wizard!
Your Dodging skill increases to level 3!
Firing (i - inventory. (,) - cycle):
e - 9 poisoned needles (quivered)
Press: ? - help, Shift-Dir - straight line, f - orc priest
Aim: an orc priest You shoot a poisoned needle.
The poisoned needle hits the orc priest!
The orc priest is poisoned.
The orc priest invokes the aid of Beogh against you.
Something smites you!
Ouch! That really hurt!
The orc priest mumbles some strange prayers to Beogh against you.
Pain shoots through your body!
You die...

#....##..#########
#................#
....##.....##.(######.#
(...##.....##.(.# #.#
....##.....###..# #.#
....######.....(### #.#
....# ##.......###.#
.o..# #...).>.'...#
(((.#######.....@.#####
....(.(.(.(o(o.####
....#######.(..#
..........+....#
##'#...####....#
#.###.# #....# #.###.#
#....# #.....# #....#
####### #.####


You could see an orc priest and an orc.

Vanquished Creatures
  An orc wizard (D:4)
  Natasha (D:2)
  2 oozes (D:1)
  2 worms
  2 orcs (D:4)
  A ball python (D:1)
  2 giant cockroaches
  3 goblins
  5 hobgoblins
  2 bats (D:1)
  7 kobolds
  5 rats
33 creatures vanquished.

Notes
Turn   | Place    | Note
--------------------------------------------------------------
     0 | D:1      | coffecat the Spriggan Assassin began the quest for the Orb.
     0 | D:1      | Reached XP level 1. HP: 10/10 MP: 2/2
    86 | D:1      | Reached skill level 6 in Stealth
   560 | D:1      | Reached XP level 2. HP: 15/15 MP: 3/3
  1183 | D:1      | Reached XP level 3. HP: 18/18 MP: 4/4
  1232 | D:2      | Noticed Natasha
  1237 | D:2      | Killed Natasha
  1237 | D:2      | Reached skill level 7 in Stealth
  1318 | D:2      | Found a blossoming altar of Fedhas.
  2028 | D:3      | Reached XP level 4. HP: 23/23 MP: 5/5
  2291 | D:4      | Killed from afar by an orc priest

Action                   |  1- 3 |  4- 6 || total
-------------------------+-------+-------++-------
Melee: Dagger            |    91 |     5 ||    96
 Fire: Blowgun           |    22 |    15 ||    37
  Use: Scroll            |     5 |       ||     5
       Potion            |     1 |       ||     1
 Stab: Sleeping          |     5 |     1 ||     6
